AoeStats
← Bz_

African Clearing

510532154Analyzed
4v4 RM · 2d ago on Oct 1, 2026· 46m 48s· 8 players
Game mode
Random Map
Map size
Large (8 player)
Population
200
Speed
Normal
Resources
Standard
Victory
Conquest
Starting age
Dark Age
Ending age
Imperial Age
RankedLock teamsTeams togetherTeam positionsShared explorationLock speedFull tech treeHidden civsTurbo modeCheats
Victory
Defeat
🇨🇳 Japanese · China
1466
+16
🇨🇳 Magyars · China
1441
+17
🇨🇳 Varangians · China
1437
+17
🇨🇳 Koreans · China
1392
+19
🇨🇳 Persians · China
1545
-22
🇨🇳 Berbers · China
1485
-18
🇨🇳 Mongols · China
1445
-17
🇨🇳 Magyars · China
1343
-12
neutron_star
8:53 Loom
11:45 Feudal Age
20:41 Scale Barding Armor
23:53 Castle Age
22:26 Fletching
23:59 Padded Archer Armor
23:52 Gold Mining
24:41 Wheelbarrow
23:52 Double-Bit Axe
23:48 Horse Collar
26:08 Bow Saw
27:26 Bodkin Arrow
30:17 Leather Archer Armor
31:03 Bloodlines
32:16 Gold Shaft Mining
31:46 Town Watch
34:25 Ballistics
34:21 Thumb Ring
39:19 Imperial Age
37:20 Heavy Plow
38:19 Hand Cart
39:43 Stone Mining
40:06 Bracer
41:07 Chemistry
40:29 Conscription
41:24 Two-Man Saw
40:53 Parthian Tactics
41:05 Ring Archer Armor
40:59 Heavy Cavalry Archer
42:47 Chain Barding Armor
42:29 Recurve Bow
44:18 Plate Barding Armor
44:11 Corvinian Army
44:53 Coinage
ElitePlastic
5:44 Loom
12:30 Feudal Age
13:38 Double-Bit Axe
16:16 Castle Age
17:13 Bow Saw
16:59 Fletching
18:07 Town Watch
22:13 Padded Archer Armor
22:26 Bodkin Arrow
28:21 Padded Archer Armor
29:26 Wheelbarrow
34:18 Thumb Ring
35:12 Bloodlines
36:02 Horse Collar
39:10 Pikeman
39:50 Squires
40:11 Husbandry
43:19 Imperial Age
42:54 Scale Mail Armor
43:04 Forging
44:37 Chain Mail Armor
43:49 Halberdier
薯条王其露诺
5:02 Loom
12:39 Feudal Age
13:26 Double-Bit Axe
15:03 Fletching
31:08 Castle Age
31:32 Scale Mail Armor
31:45 Gold Mining
32:07 Bow Saw
32:56 Wheelbarrow
32:38 Forging
38:51 Squires
箜声
9:05 Loom
13:56 Feudal Age
14:42 Town Watch
17:04 Fletching
21:00 Castle Age
19:57 Double-Bit Axe
29:12 Horse Collar
31:13 Wheelbarrow
36:02 Imperial Age
34:15 Bow Saw
34:09 Heavy Plow
34:24 Town Patrol
36:12 Hand Cart
36:07 Scale Barding Armor
36:05 Husbandry
36:16 Bloodlines
36:06 Gold Mining
36:12 Vendel Legacy
37:20 Chain Barding Armor
37:21 Cavalier
38:49 Plate Barding Armor
38:37 Forging
42:32 Iron Casting
45:31 Blast Furnace
46:35 Conscription
农夫累
9:46 Loom
13:18 Feudal Age
16:53 Castle Age
15:12 Double-Bit Axe
15:48 Gold Mining
16:23 Stone Mining
18:03 Bow Saw
20:01 Stone Mining
19:53 Horse Collar
21:11 Fervor
22:02 Wheelbarrow
24:35 Fletching
28:07 Scale Barding Armor
28:34 Bloodlines
29:29 Husbandry
33:43 Gold Shaft Mining
34:44 Hand Cart
38:27 Imperial Age
36:49 Chain Barding Armor
37:18 Forging
38:09 Kasbah
39:53 Plate Barding Armor
38:55 Cavalier
41:01 Iron Casting
43:19 Blast Furnace
41:50 Heavy Camel Rider
44:41 Heavy Plow
45:33 Conscription
Bz_
5:31 Loom
12:26 Feudal Age
12:58 Double-Bit Axe
16:50 Fletching
21:48 Padded Archer Armor
29:37 Castle Age
33:34 Elite Skirmisher
XHK
6:37 Loom
13:51 Feudal Age
16:37 Horse Collar
19:13 Castle Age
17:30 Double-Bit Axe
21:06 Bow Saw
22:48 Fletching
26:50 Bodkin Arrow
28:14 Padded Archer Armor
32:09 Wheelbarrow
31:52 Leather Archer Armor
33:07 Ballistics
33:15 Husbandry
33:26 Bloodlines
35:35 Hand Cart
35:05 Town Watch
37:45 Light Cavalry
38:53 Scale Barding Armor
38:55 Gold Mining
40:35 Gold Shaft Mining
42:32 Chain Barding Armor
43:16 Forging
46:16 Iron Casting
49:06 Imperial Age
XZ
4:42 Loom
15:20 Feudal Age
37:47 Horse Collar
38:54 Double-Bit Axe
44:27 Castle Age
45:39 Wheelbarrow
45:41 Bow Saw
Connection lost

Rejoining the realm…

Still unreachable

The connection could not be restored.

Session expired

The server has moved on; the page needs a fresh start.